 Seeded DCSS version 0.32-a0-685-g93135e86f0 (webtiles) character file.

Game seed: 20240220 (custom seed)

15 muata the Sneak (level 2, 21/22 HPs)
             Began as a Coglin Brigand on Feb 20, 2024.
             Quit the game on level 1 of the Dungeon on Mar 12, 2024.
             The game lasted 00:01:43 (194 turns).

muata the Sneak (Coglin Brigand)                     Turns: 194, Time: 00:01:43

Health: 21/22      AC:  3    Str: 11    XL:     2   Next: 50%
Magic:  2/2        EV: 11    Int: 10    God:
Gold:   13         SH:  0    Dex: 15    Spells: 1/1 levels left

rFire   . . .        a - +2 dagger {Fusazane}
rCold   . . .        (no shield)
rNeg    . . .        b - +0 robe
rPois   .            (no helmet)
rElec   .            c - +0 cloak
rCorr   .            (no gloves)
SInv    .            (no boots)
Will    .....        (amulet unavailable)
Stlth   ++           (ring unavailable)
HPRegen 0.23/turn    (ring unavailable)
MPRegen 0.08/turn    (no gizmo)

%: no passive effects
@: no status effects
A: off-hand wielding, slow wielding, warmup strikes, no jewellery
a: Invent Gizmo


You were on level 1 of the Dungeon.
You visited 1 branch of the dungeon, and saw 1 of its levels.

You collected 13 gold pieces.

Inventory:

Hand Weapons
 a - a +2 dagger (weapon) {Fusazane}
Missiles
 d - 9 poisoned darts (quivered)
 e - 3 curare-tipped darts
Armour
 b - a +0 robe (worn)
 c - a +0 cloak (worn)
Scrolls
 f - a scroll of identify {unknown}
 g - a scroll of revelation {unknown}


   Skills:
 - Level 2.0 Fighting
 + Level 2.3 Short Blades
 - Level 1.7 Throwing
 - Level 0.8 Dodging
 + Level 3.6 Stealth


You had one spell level left.
You didn't know any spells.
Your spell library was empty.

Dungeon Overview and Level Annotations

Branches:
Dungeon (1/15)

Altars:


Innate Abilities, Weirdness & Mutations

You can wield a second weapon in your off-hand.
It takes a long time for you to wield or remove held weapons.
Your first few attacks do less damage.
You cannot equip rings or amulets.


Message History

You hit the giant cockroach.
The giant cockroach is severely wounded.
The giant cockroach waves its antennae.
The giant cockroach barely misses you.
You hit the giant cockroach.
You kill the giant cockroach!
Found a fuming cyan potion.
A goblin comes into view. It is wielding a +0 club.
A kobold comes into view. It is wielding a +0 dagger.
The kobold shouts!
A quokka comes into view.
Found 6 stones and a spear.
The kobold barely misses you.
You miss the kobold.
A ball python comes into view.
The ball python hisses angrily.
You hit the kobold.
You kill the kobold!
You hear a loud squeak.
A rat comes into view.
The quokka twitches its whiskers.
The ball python bites you but does no damage.
The ball python closely misses you.
Things that are here:
a +0 dagger; 3 stones; a kobold corpse The frilled lizard attacks as it pursues you!
The frilled lizard bites you but does no damage.
Found an escape hatch in the floor.
The ball python attacks as it pursues you!
The ball python barely misses you. The ball python grabs you.
The ball python constricts you.
The quokka twitches its whiskers.
You escape the ball python's grasp.
The frilled lizard attacks as it pursues you!
The frilled lizard barely misses you.
The frilled lizard attacks as it pursues you!
The frilled lizard bites you.
Welcome back, muata the Coglin Brigand.
Game seed: 20240220 (custom seed) Press ? for a list of commands and other information.
Are you sure you want to abandon this character and quit the game? (Confirm with "yes".)

...>....#....#..#.##
........#....#..#+####
###..................#
####....#............#
...#.................#
...#.................##
...#.............>....##
...#.##.......#.........##
................@........##
.......#......#.lr...#.....
...#.#........##S#.........
############..##..#........
+...###r.#.......
#!...............
#.....##...#...#
#.........)##.>#
#.##.####...!....#


You could see a quokka, a ball python, a frilled lizard and a rat.

Vanquished Creatures
  An endoplasm (D:1)
  3 giant cockroaches (D:1)
  A bat (D:1)
  A kobold (D:1)
  3 rats (D:1)
9 creatures vanquished.

Notes
Turn   | Place    | Note
-------+----------+-------------------------------------------
     0 | D:1      | muata the Coglin Brigand began the quest for the Orb.
     0 | D:1      | Reached XP level 1. HP: 16/16 MP: 1/1
    84 | D:1      | Reached XP level 2. HP: 20/22 MP: 2/2
   194 | D:1      | Upgraded the game from 0.32-a0-391-gce5c0aab1b to
                  | 0.32-a0-685-g93135e86f0
   194 | D:1      | Quit the game

Illustrated notes

Levels and vault maps discovered:
D:1:      mrwooster_arrival_arrow, layout_rooms, roderic_serpentine_path

Skill      XL: |  1 |
---------------+----+-----
Short Blades   | 2 |  2.3
Fighting       | |  2.0
Throwing       | |  1.7
Dodging        | |  0.8
Stealth        | |  3.6

Action                     || total
---------------------------++-------
  Melee: Dagger            ||    31
   Stab: Sleeping          ||     2
 Armour: Robe              ||    17
  Dodge: Dodged            ||    26

Table legend: (Time is in decaauts)
 A = Elapsed time spent in this place.
 B = Non-inter-level travel time spent in this place.
 C = Inter-level travel time spent in this place.
 D = Time resting spent in this place.
 E = Time spent auto-exploring this place.
 F = Levels seen in this place.
 G = Mean time per level.
                   A        B        C        D        E       F      G
               +--------+--------+--------+--------+--------+-----+--------+
         Total |    202 |    202 |      0 |      0 |     79 |   1 |  202.0 |
       Dungeon |    202 |    202 |      0 |      0 |     79 |   1 |  202.0 |
               +--------+--------+--------+--------+--------+-----+--------+

Top non-repeatable levels by time:
     D:1: 202 daAuts
